 Dungeon Crawl Stone Soup version 0.30-a0-359-gd0147acb1a (webtiles) character file.

Game seed: 9611678099575416926

145 oldmanjim the Covered (level 5, -4/48 HPs)
             Began as an Armataur Artificer on Nov 11, 2022.
             Killed by nerve-wracking pain
             ... invoked by an orc priest
              (11 damage)
             ... on level 3 of the Dungeon.
             The game lasted 00:10:03 (2428 turns).

oldmanjim the Covered (Armataur Artificer)          Turns: 2428, Time: 00:10:04

Health: -4/48      AC: 11    Str: 20    XL:     5   Next: 6%
Magic:  5/5        EV:  5    Int: 11    God:
Gold:   176        SH:  0    Dex: 10    Spells: 4/4 levels left

rFire   . . .      SeeInvis .    a - +2 dagger (venom)
rCold   . . .      Faith    .    (no shield)
rNeg    . . .      Spirit   .    x - +0 chain mail
rPois   .          Reflect  .    q - +0 helmet
rElec   .          Harm     .    (no cloak)
rCorr   .          Roll     +    j - +0 pair of gloves
Will    .....                    (no barding)
Stlth   ..........               m - amulet of magic regeneration
HPRegen 0.28/turn                (no ring)
MPRegen 0.49/turn                (no ring)

@: no status effects
A: large, rugged brown scales 3, deformed body, armoured tail, roll, long
tongue, awkward tongue
a: no special abilities


You were on level 3 of the Dungeon.
You visited 1 branch of the dungeon, and saw 3 of its levels.

You collected 176 gold pieces.

Inventory:

Hand Weapons
 a - a +2 dagger of venom (weapon)
 b - a +1 sling of freezing
 g - a +0 club
 o - a +0 short sword
 u - a +0 hand axe of freezing
Missiles
 f - 49 stones
 i - 5 poisoned darts
 A - 3 boomerangs
Armour
 h - a +0 leather armour
 j - a +0 pair of gloves (worn)
 n - a +0 ring mail
 q - a +0 helmet (worn)
 r - a +0 scale mail
 x - a +0 chain mail (worn)
Jewellery
 m - an amulet of magic regeneration (around neck)
 w - a ring of fire
 z - a ring of willpower
Wands
 c - a wand of flame (15) (quivered)
 d - a wand of charming (15)
 e - a wand of iceblast (5)
Scrolls
 l - 2 scrolls of identify {unknown}
 t - a scroll of summoning {unknown}
 y - a scroll of vulnerability {unknown}
 B - a scroll of poison {unknown}
 D - 2 scrolls of enchant weapon {unknown}
Potions
 k - a potion of degeneration {unknown}
 p - a potion of heal wounds {unknown}
 s - 2 potions of mutation {unknown}
 v - a potion of lignification {unknown}
 C - a potion of attraction {unknown}
 E - a potion of ambrosia {unknown}


   Skills:
 + Level 3.1 Fighting
 + Level 4.8 Armour
 - Level 0.6 Dodging
 - Level 1.1 Stealth
 - Level 3.0 Evocations


You had 4 spell levels left.
You didn't know any spells.
Your spell library contained the following spells:

 Spells                   Type           Power      Damage    Failure   Level
 Slow                     Hex            0%         N/A       98%         1
 Confusing Touch          Hex            0%         N/A       100%        3
 Vampiric Draining        Necr           0%         2d6       100%        3
 Vhi's Electric Charge    Tloc/Air       0%         N/A       100%        3
 Arcjolt                  Conj/Air       0%         1d10      100%        5
 Maxwell's Capacitive Co  Air            0%         ∞         100%        8


Dungeon Overview and Level Annotations

Branches:
Dungeon (3/15)

Altars:


Innate Abilities, Weirdness & Mutations

You are completely covered in rugged brown scales. (AC +3, +7% HP)
Armour fits poorly on your strangely shaped body.
You have a long armoured tail.
You roll when moving toward enemies. (Rampage)
Your long tongue fully drains potion bottles. (2x potion effects)
Your tongue gives you trouble enunciating. (1.5x scroll delay)


Message History

The orc priest calls upon Beogh to heal the orc priest.
The orc priest is healed somewhat.
You hit the orc priest.
The orc priest looks as sick as possible!
The orc priest is severely wounded.
You kill the orc priest!
Your Fighting skill increases to level 3!
You have reached level 5!
You completely miss the orc priest. You tail-slap the orc priest.
The orc priest is moderately wounded.
The orc priest completely misses you.
You hit the orc priest but do no damage.
The orc priest is moderately wounded.
The orc priest hits you but does no damage.
You hit the orc priest but do no damage.
You tail-slap the orc priest.
The orc priest is heavily wounded.
The orc priest hits you but does no damage.
You hit the orc priest.
The orc priest is heavily wounded.
The orc priest barely misses you.
You hit the orc priest but do no damage.
The orc priest is heavily wounded.
The orc priest looks satisfied for a moment.
Unknown command.
You barely miss the orc priest.
The orc priest is heavily wounded.
The orc priest hits you but does no damage.
You barely miss the orc priest.
The orc priest is heavily wounded.
The orc priest hits you but does no damage.
You closely miss the orc priest.
The orc priest is heavily wounded.
The orc priest hits you with a +0 short sword.
* * * LOW HITPOINT WARNING * * *
You hit the orc priest.
The orc priest is poisoned.
The orc priest is severely wounded.
The orc priest calls down the wrath of Beogh upon you.
Pain shoots through your body!
You die...

#.#####..# ####.###
#..# #......###..######
#.##.#............
#.##.#####...#####
#.##..........#
#.########...## #.#
##.## #.# #@# ##.## #o#
#...# #)# ##.## ... #.#
..<.. ##.## .......
#####...####......<..
...........'.......[o'
#####...####.........#.


You could see an orc priest (very poisoned).

Vanquished Creatures
  An orc priest (D:3)
  An orc wizard (D:2)
  An adder (D:3)
  4 dart slugs
  6 orcs
  5 ball pythons
  3 bats
  5 endoplasms
  8 goblins
  5 hobgoblins
  6 jackals
  9 kobolds
  A quokka (D:3)
  3 frilled lizards
  6 rats
64 creatures vanquished.

Notes
Turn   | Place    | Note
-------+----------+-------------------------------------------
     0 | D:1      | oldmanjim the Armataur Artificer began the quest for the
                  | Orb.
     0 | D:1      | Reached XP level 1. HP: 16/16 MP: 1/1
    18 | D:1      | Reached skill level 1 in Fighting
   162 | D:1      | Reached XP level 2. HP: 24/24 MP: 2/2
   165 | D:1      | Reached skill level 3 in Armour
   568 | D:2      | Reached XP level 3. HP: 24/31 MP: 3/3
   723 | D:2      | Reached skill level 4 in Armour
   851 | D:2      | Reached XP level 4. HP: 39/39 MP: 4/4
  1528 | D:2      | Found a faded altar of an unknown god.
  2420 | D:3      | Reached XP level 5. HP: 6/48 MP: 5/5
  2428 | D:3      | Killed from afar by an orc priest

Illustrated notes

Levels and vault maps discovered:
D:1:      nzn_arrival_crosshair, layout_rooms
D:2:      layout_basic, dreamdust_ecumenical_altar_hidden_monk_grotto
D:3:      layout_loops_corners, minmay_misc_feat_five

Skill      XL: |  1  2  3  4 |
---------------+-------------+-----
Fighting       | 1 2 3 |  3.1
Armour         | 3 4 |  4.8
Dodging        | |  0.6
Stealth        | |  1.1
Evocations     | |  3.0

Action                   |  1- 3 |  4- 6 || total
-------------------------+-------+-------++-------
Melee: Club              |     4 |       ||     4
       Short sword       |    10 |       ||    10
       Tailslap          |     2 |     4 ||     6
       Dagger            |       |    29 ||    29
 Fire: Sling             |    81 |    80 ||   161
Armor: Leather armour    |    13 |       ||    13
       Ring mail         |     7 |       ||     7
       Scale mail        |     3 |     6 ||     9
       Chain mail        |       |    61 ||    61
Dodge: Dodged            |    22 |    30 ||    52

Table legend: (Time is in decaauts)
 A = Elapsed time spent in this place.
 B = Non-inter-level travel time spent in this place.
 C = Inter-level travel time spent in this place.
 D = Time resting spent in this place.
 E = Time spent auto-exploring this place.
 F = Levels seen in this place.
 G = Mean time per level.
                   A        B        C        D        E       F      G
               +--------+--------+--------+--------+--------+-----+--------+
         Total |   2515 |   2421 |     94 |      0 |   1920 |   3 |  838.3 |
       Dungeon |   2515 |   2421 |     94 |      0 |   1920 |   3 |  838.3 |
               +--------+--------+--------+--------+--------+-----+--------+

Top non-repeatable levels by time:
     D:2: 1291 daAuts
     D:3: 717 daAuts
     D:1: 506 daAuts
